Workbook

Sheet A.Rubric & Deadlines
B4: Grading Rubric
C5: Points
B6: Career Information | C6: 10
B8: Annual Salary Expectations | C8: 10
B10: Tax Estimation | C10: 10
B12: Auto Loan Payment | C12: 5
B14: Monthly Budget | C14: 40
B16: Financial Ratios and TVM calculations | C16: 15
B18: Analysis and Takeaways | C18: 10
B20: Your Total Grade | C20: =SUM(C6:C18) -> 100
B22: Extracredit for overall quality, completeness, support, improvements and analysis | C22: 6
B27: Deadlines
C28: Date | D28: Bonus
B29: Earliest submission | C29: 43756 | D29: 6
B30: Earlier Submission 1 | C30: =+C29+7 -> 43763 | D30: 4
B31: Earlier Submission 2 | C31: =+C30+7 -> 43770 | D31: 2
B32: Final | C32: =+C31+7 -> 43777 | D32: 0

Sheet B. Helpfull Links
A3: Expected Salary after graduation
A5: https://www.collegerecruiter.com
A7: http://salary.com
A9: Income Taxes - Tables and Calculators
A11: https://www.kiplinger.com/article/taxes/T056-C000-S001-what-are-the-income-tax-brackets-for-2019-vs-2018.html
A13: https://taxfoundation.org/2019-tax-brackets/
A15: https://www.nerdwallet.com/blog/taxes/federal-income-tax-brackets/
A17: Car Insurance
A19: www.progressive.com
A21: Home Insurance
A23: https://www.statefarm.com/insurance/home-and-property/renters
A25: Renters Insurance
... A37: https://www.kbb.com/

Sheet 1.Job,Salary,Taxes,Take-Home
C3: =IF(C21<9525,0.1*C21,IF(C21<38700,952.5+0.12*(C21-9525),IF(C21<82500,4453.5+0.22*(C21-38700),40))) -> 99.8
C4: =IF(C22<9701,0.1*C22,IF(C22<39476,970.1+0.12*(C22-9701),IF(C22<82500,4542.98+0.22*(C22-39476),40))) -> 0.1
B5: Job Information
D6: Please provide explanations for each row. Indicate N/A if not applicable
B7: Company Name | C7: ABC
B8: Position | C8: Designer
B9: Location (City and State) | C9: Dallas, TX
B10: Expected Gross Annual Salary Upon Graduation | C10: 1000
B13: Tax Estimation
D14: Please provide explanations for each row. Indicate N/A if not applicable
B15: Wages | C15: =+C10 -> 1000 | D15: From above
B16: Other Income (interest, dividends,alimony) | C16: 0
B17: Gross Income | C17: =+C15+C16 -> 1000 | D17: Wages + Other Income
B18: Annual Retirement Contribution (adjustment) | C18: 1
B19: Adjusted Gross Income | C19: =+C17-C18 -> 999 | D19: Gross Income - Adjustments
B20: Deductions (Standard or Itemized) | C20: 1
B21: Taxable Income | C21: =+C19-C20 -> 998 | D21: Adjusted Gross Income -Deductions
B22: Federal Income Taxes | C22: 1
B24: Average Tax Rate | C24: =+C22/C21 -> 0.001002004 | D24: Based on your estimations, this is the average tax rate.
B26: Annual Take-home Pay Estimation
B28: Gross Income | C28: =C17 -> 1000 | D28: Wages + Other Income from above
B29: Employee Benefits | C29: =0.05*C15 -> 50 | D29: 5% of wages for sundry employee benefits
B30: Retirement Contribution | C30: =C18 -> 1 | D30: As estimated above
B31: FICA taxes | C31: =C15*0.0765 -> 76.5 | D31: 7.65% of wages as required by law
B32: Federal Income Taxes | C32: =+C22 -> 1 | D32: As estimated above
B33: State Income Taxes | C33: 0
B34: Take-home Pay before other non-taxable income | C34: =+C28-C29-C30-C31-C33-C32 -> 871.5 | D34: TaxesGross incme - Employee Benefits - Retirement Contribution - FICA Taxes - Federal Income Taxes
B35: Other non-taxable income (gifts) | C35: 0
B36: Annual Take-home Pay | C36: =+C34+C35 -> 871.5

Sheet 2.Monthly Expense Budget
A6: Monthy Expenses and Savings
B8: Jan | C8: Feb | D8: Mar | E8: Apr | F8: May | G8: jun | H8: Jul | I8: Aug | J8: Sep | K8: Oct | L8: Nov | M8: Dec | O8: Montly Average | P8: Year Total | Q8: Please provide explanations for each row. Indicate N/A if not applicable
A9: Income:
A10: Monthly Take-home pay | B10: ='1.Job,Salary,Taxes,Take-Home'!C36/12 -> 72.625 | C10: =+B10 -> 72.625 | D10: =+C10 -> 72.625 | E10: =+D10 -> 72.625 | F10: =+E10 -> 72.625 | G10: =+F10 -> 72.625 | H10: =+G10 -> 72.625 | I10: =+H10 -> 72.625 | J10: =+I10 -> 72.625 | ... M10: =+L10 -> 72.625 | O10: =AVERAGE(B10:M10) -> 72.625 | P10: =SUM(B10:M10) -> 871.5
A11: Expenses:
A12: Housing (rent or mortgage payment) | B12: 10 | C12: =+B12 -> 10 | D12: =+C12 -> 10 | E12: =+D12 -> 10 | F12: =+E12 -> 10 | G12: =+F12 -> 10 | H12: =+G12 -> 10 | I12: =+H12 -> 10 | J12: =+I12 -> 10 | ... M12: =+L12 -> 10 | O12: =AVERAGE(B12:M12) -> 10 | P12: =SUM(B12:M12) -> 120
A13: Utilities: Electricity | B13: 1 | C13: =+B13 -> 1 | D13: =+C13 -> 1 | E13: =+D13 -> 1 | F13: =+E13 -> 1 | G13: =+F13 -> 1 | H13: =+G13 -> 1 | I13: =+H13 -> 1 | J13: =+I13 -> 1 | ... M13: =+L13 -> 1 | O13: =AVERAGE(B13:M13) -> 1 | P13: =SUM(B13:M13) -> 12
A14: Utilities: Gas | B14: 1 | C14: =+B14 -> 1 | D14: =+C14 -> 1 | E14: =+D14 -> 1 | F14: =+E14 -> 1 | G14: =+F14 -> 1 | H14: =+G14 -> 1 | I14: =+H14 -> 1 | J14: =+I14 -> 1 | ... M14: =+L14 -> 1 | O14: =AVERAGE(B14:M14) -> 1 | P14: =SUM(B14:M14) -> 12
A15: Utilities: Water, sewer, garbage | B15: 1 | C15: =+B15 -> 1 | D15: =+C15 -> 1 | E15: =+D15 -> 1 | F15: =+E15 -> 1 | G15: =+F15 -> 1 | H15: =+G15 -> 1 | I15: =+H15 -> 1 | J15: =+I15 -> 1 | ... M15: =+L15 -> 1 | O15: =AVERAGE(B15:M15) -> 1 | P15: =SUM(B15:M15) -> 12
A16: Utilities: Phone | B16: 1 | C16: =+B16 -> 1 | D16: =+C16 -> 1 | E16: =+D16 -> 1 | F16: =+E16 -> 1 | G16: =+F16 -> 1 | H16: =+G16 -> 1 | I16: =+H16 -> 1 | J16: =+I16 -> 1 | ... M16: =+L16 -> 1 | O16: =AVERAGE(B16:M16) -> 1 | P16: =SUM(B16:M16) -> 12
A17: Utilities: Cable/Internet | B17: 1 | C17: =+B17 -> 1 | D17: =+C17 -> 1 | E17: =+D17 -> 1 | F17: =+E17 -> 1 | G17: =+F17 -> 1 | H17: =+G17 -> 1 | I17: =+H17 -> 1 | J17: =+I17 -> 1 | ... M17: =+L17 -> 1 | O17: =AVERAGE(B17:M17) -> 1 | P17: =SUM(B17:M17) -> 12
A18: Renter's insurance | B18: 1 | C18: =+B18 -> 1 | D18: =+C18 -> 1 | E18: =+D18 -> 1 | F18: =+E18 -> 1 | G18: =+F18 -> 1 | H18: =+G18 -> 1 | I18: =+H18 -> 1 | J18: =+I18 -> 1 | ... M18: =+L18 -> 1 | O18: =AVERAGE(B18:M18) -> 1 | P18: =SUM(B18:M18) -> 12
A19: Food and Groceries | B19: 1 | C19: =+B19 -> 1 | D19: =+C19 -> 1 | E19: =+D19 -> 1 | F19: =+E19 -> 1 | G19: =+F19 -> 1 | H19: =+G19 -> 1 | I19: =+H19 -> 1 | J19: =+I19 -> 1 | ... M19: =+L19 -> 1 | O19: =AVERAGE(B19:M19) -> 1 | P19: =SUM(B19:M19) -> 12
A20: Student loan payment | B20: 1 | C20: =+B20 -> 1 | D20: =+C20 -> 1 | E20: =+D20 -> 1 | F20: =+E20 -> 1 | G20: =+F20 -> 1 | H20: =+G20 -> 1 | I20: =+H20 -> 1 | J20: =+I20 -> 1 | ... M20: =+L20 -> 1 | O20: =AVERAGE(B20:M20) -> 1 | P20: =SUM(B20:M20) -> 12
A21: Car payment (from below) | B21: 1 | C21: =+B21 -> 1 | D21: =+C21 -> 1 | E21: =+D21 -> 1 | F21: =+E21 -> 1 | G21: =+F21 -> 1 | H21: =+G21 -> 1 | I21: =+H21 -> 1 | J21: =+I21 -> 1 | ... M21: =+L21 -> 1 | O21: =AVERAGE(B21:M21) -> 1 | P21: =SUM(B21:M21) -> 12
A22: Car Insurance | B22: 1 | C22: =+B22 -> 1 | D22: =+C22 -> 1 | E22: =+D22 -> 1 | F22: =+E22 -> 1 | G22: =+F22 -> 1 | H22: =+G22 -> 1 | I22: =+H22 -> 1 | J22: =+I22 -> 1 | ... M22: =+L22 -> 1 | O22: =AVERAGE(B22:M22) -> 1 | P22: =SUM(B22:M22) -> 12
A23: Gasoline | B23: 1 | C23: =+B23 -> 1 | D23: =+C23 -> 1 | E23: =+D23 -> 1 | F23: =+E23 -> 1 | G23: =+F23 -> 1 | H23: =+G23 -> 1 | I23: =+H23 -> 1 | J23: =+I23 -> 1 | ... M23: =+L23 -> 1 | O23: =AVERAGE(B23:M23) -> 1 | P23: =SUM(B23:M23) -> 12
... A33: Gifts, donations and other miscellaneous | B33: 1 | C33: =+B33 -> 1 | D33: =+C33 -> 1 | E33: =+D33 -> 1 | F33: =+E33 -> 1 | G33: =+F33 -> 1 | H33: =+G33 -> 1 | I33: =+H33 -> 1 | J33: =+I33 -> 1 | ... M33: =+L33 -> 1 | O33: =AVERAGE(B33:M33) -> 1 | P33: =SUM(B33:M33) -> 12
A34: Total montly expenses | B34: =SUM(B12:B33) -> 31 | C34: =SUM(C12:C33) -> 31 | D34: =SUM(D12:D33) -> 31 | E34: =SUM(E12:E33) -> 31 | F34: =SUM(F12:F33) -> 31 | G34: =SUM(G12:G33) -> 31 | H34: =SUM(H12:H33) -> 31 | I34: =SUM(I12:I33) -> 31 | ... M34: =SUM(M12:M33) -> 31 | O34: =AVERAGE(B34:M34) -> 31 | P34: =SUM(B34:M34) -> 372
A35: Planned savings | B35: =+B10-B34 -> 41.625 | C35: =+C10-C34 -> 41.625 | D35: =+D10-D34 -> 41.625 | E35: =+E10-E34 -> 41.625 | F35: =+F10-F34 -> 41.625 | G35: =+G10-G34 -> 41.625 | H35: =+H10-H34 -> 41.625 | I35: =+I10-I34 -> 41.625 | ... M35: =+M10-M34 -> 41.625 | O35: =AVERAGE(B35:M35) -> 41.625 | P35: =SUM(B35:M35) -> 499.5
A36: Cumulative savings | B36: =B35 -> 41.625 | C36: =B36+C35 -> 83.25 | D36: =C36+D35 -> 124.875 | E36: =D36+E35 -> 166.5 | F36: =E36+F35 -> 208.125 | G36: =F36+G35 -> 249.75 | H36: =G36+H35 -> 291.375 | I36: =H36+I35 -> 333 | J36: =I36+J35 -> 374.625 | ... M36: =L36+M35 -> 499.5
A39: Car Loan Monthly Payment
A41: Car Make
A42: Model
A43: Year
A44: Car Price | B44: 34
A45: Down payment (20%) | B45: =0.2*B44 -> 6.8
A46: Amount to be financed (80 %) | B46: =+B44-B45 -> 27.2
A47: Annual Interest Rate
A48: Loan length (months)
A49: Monthly Payment
A60: Summary Expenses | B60: Year Total Dollars | C60: Percentage %
A61: Housing | B61: =+P12+P18 -> 132 | C61: =+B61/$B$67 -> 0.35483871
A62: Utilities | B62: =+SUM(P13:P17) -> 60 | C62: =+B62/$B$67 -> 0.16129032
A63: Car Expenses | B63: =SUM(P21:P25) -> 60 | C63: =+B63/$B$67 -> 0.16129032
A64: Groceries | B64: =+P19 -> 12 | C64: =+B64/$B$67 -> 0.032258065
A65: Student Debt | B65: =+P20 -> 12 | C65: =+B65/$B$67 -> 0.032258065
A66: Other | B66: =+B67-SUM(B61:B65) -> 96 | C66: =+B66/$B$67 -> 0.25806452
A67: Total | B67: =+P34 -> 372 | C67: =+B67/$B$67 -> 1

Sheet 3. Savings and Takeways
B6: Short Term Savings
B9: Total Liquid Savings (liquid assets) accumulated first year: | C9: =+'2.Monthly Expense Budget'!M36 -> 499.5
B10: Savings Ratio | F10: =('2.Monthly Expense Budget'!O35 )/('1.Job,Salary,Taxes,Take-Home'!C17/12) -> 0.4995
B11: Liquidity Ratio | F11: =+C9/'2.Monthly Expense Budget'!O34 -> 16.112903
B12: Debt payments to income ratio | F12: =+('2.Monthly Expense Budget'!O20+'2.Monthly Expense Budget'!O21)/'2.Monthly Expense Budget'!O10 -> 0.027538726
B13: Cash Surplus | F13: =+'2.Monthly Expense Budget'!P10-'2.Monthly Expense Budget'!P34 -> 499.5
B15: Long Term Savings
B17: Annual Retirement Contribution
B18: Employee portion | C18: =+'1.Job,Salary,Taxes,Take-Home'!C18 -> 1
B19: Employer portion (assuming 100% match) | C19: =C18 -> 1
B20: Total Retirement Contributions for the first year: | C20: =C18+C19 -> 2
B23: Retirement Savings (Investing in the bond market)
B24: Assumed interest rate (bond market) | C24: 0.05
B25: Assuming your salary and contributions to retirement accounts never change and are invested in the bond market (5%), you'll have this much in 30 years of work. | E25: =-FV(0.05,30,C20) -> 132.8777
E26: =-FV(0.1,30,C20) -> 328.98805
B27: Retirement Savings (Investing in the stock market)
B28: Assumed interest rate (stock market) | C28: 0.1
B29: Assuming your salary and contributions to retirement accounts never change and are invested in the stock market (10%), you'll have this much in 30 years of work.
B31: Assumed growth rate | C31: 0.03
B32: Assuming your salary and contributions to retirement accounts grow at the assumed growth rate each year, you'll have this much in 30 years of work if you invest in the bond market. | C32: =C20*((1+C24)^30-(1+C31)^30)/(C24-C31) -> 189.46799
B33: Assuming your salary and contributions to retirement accounts grow at the assumed growth rate each year, you'll have this much in 30 years of work if you invest on the stock market. | C33: =C20*((1+C28)^30-(1+C31)^30)/(C28-C31) -> 429.20399
B35: Analysis and Takeaways
